 Dungeon Crawl Stone Soup version 0.29.0-11-gd7f09526c8 (webtiles) character file.

Game seed: 6747893597620138284

114 RascalDebosk the Trooper (level 5, -2/41 HPs)
             Began as a Human Berserker on Sept 6, 2022.
             Was a Believer of Trog.
             Slain by a white imp (3 damage)
             ... summoned by Eustachio
             ... on level 4 of the Dungeon.
             The game lasted 00:18:30 (2946 turns).

RascalDebosk the Trooper (Human Berserker)          Turns: 2946, Time: 00:18:31

Health: -2/41      AC: 13    Str: 19      XL:     5   Next: 18%
Magic:  5/5        EV: 10    Int:  8      God:    Trog [**....]
Gold:   180        SH:  0    Dex:  9 (10) Spells: 4/4 levels left

rFire   + + +      SeeInvis .   u - +0 long sword
rCold   . . .      Faith    .   (no shield)
rNeg    + . .      Spirit   .   t - +6 scale mail of the True Pharaoh {Fly rF+++ rN+ Dex-2}
rPois   .          Reflect  .   w - +1 hat
rElec   .          Harm     .   (no cloak)
rCorr   +          Rampage  .   (no gloves)
Will    .....                   (no boots)
Stlth   ..........              (no amulet)
HPRegen 0.13/turn               s - ring of resist corrosion
MPRegen 0.09/turn               (no ring)

@: mighty, on berserk cooldown, flying, slowed, very slow
A: no striking features
a: Renounce Religion, Berserk, Trog's Hand


You were on level 4 of the Dungeon.
You worshipped Trog.
Trog was pleased with you.
You visited 1 branch of the dungeon, and saw 4 of its levels.

You collected 180 gold pieces.

Inventory:

Hand Weapons
 a - a +0 falchion
 u - a +0 long sword (weapon)
Missiles
 m - 10 poisoned darts (quivered)
 n - 2 throwing nets
Armour
 h - a +0 plate armour
 t - the +6 scale mail of the True Pharaoh (worn) {Fly rF+++ rN+ Dex-2}
   (You found it on level 3 of the Dungeon)

   Dex:       It affects your dexterity (-2).
   rF:        It renders you almost immune to fire.
   rN:        It protects you from negative energy.
   Fly:       It grants you flight.
 w - a +1 hat (worn)
Jewellery
 s - a ring of resist corrosion (left hand)
Scrolls
 i - a scroll of summoning
 o - a scroll of butterflies
 q - 2 scrolls of poison {unknown}
Potions
 b - a potion of magic
 e - a potion of curing
 k - 2 potions of ambrosia
 v - a potion of berserk rage {unknown}


   Skills:
 + Level 3.5 Fighting
 + Level 3.5 Long Blades
 + Level 1.4 Throwing
 + Level 2.7 Armour
 - Level 2.0 Dodging
 + Level 1.8 Stealth
 + Level 1.2 Evocations


You had 4 spell levels left.
You didn't know any spells.
Your spell library was empty.

Dungeon Overview and Level Annotations

Branches:
Dungeon (4/15)
 Temple: D:4-7

Altars:

Annotations:
D:4 Eustachio


Message History

The quasit barely misses you. x2
The quasit claws you but does no damage.
The river rat barely misses you. The rat bites you but does no damage.
Eustachio closely misses you. The white imp closely misses you.
The quokka barely misses you.
The quasit bites you but does no damage.
The quasit closely misses you. The quasit misses you.
You completely miss Eustachio.
Eustachio is heavily wounded.
The rat bites you but does no damage. The river rat bites you.
Eustachio hits you but does no damage. The quokka bites you.
The white imp hits you but does no damage.
The quasit bites you but does no damage.
The quasit claws you but does no damage.
The quasit barely misses you. The rat barely misses you.
The river rat bites you but does no damage.
The quokka bites you but does no damage.
Eustachio hits you but does no damage. The white imp gestures at you.
The puff of frost misses you.
The puff of frost misses the quasit.
The quasit bites you.
The quasit claws you but does no damage. x2
You closely miss Eustachio.
Eustachio is heavily wounded.
The quasit closely misses you.
The quasit claws you but does no damage. x2
The quokka bites you but does no damage.
The rat barely misses you. The river rat bites you!
* * * LOW HITPOINT WARNING * * *
Eustachio casts a spell.
Eustachio blinks!
The white imp hits you but does no damage.
The quasit bites you but does no damage.
The quasit barely misses you. x2; The quokka barely misses you.
The rat bites you but does no damage. The river rat bites you.
* * * LOW HITPOINT WARNING * * *
The white imp hits you.
* * * LOW HITPOINT WARNING * * *
The white imp freezes you.
You die...

.. ..# #..# ...
##'## ##...## .#
##.5...## ######.#
##§@rb...##
#.......
#.5rr.....#
#....#.#
+..5......+ ......
#.........# #...
##.@...††####.#
##!.....†....###.##
##...######.......
##..# #.###.## #..#
#.#


You could see Eustachio, a quasit (summoned), a river rat (summoned), a white
imp (summoned), an ufetubus (summoned), a quokka (summoned), a bat (summoned)
and a rat (summoned).

Vanquished Creatures
  5 adders
  3 worms
  A dart slug (D:4)
  An orc (D:3)
  2 giant cockroaches
  6 goblins
  13 hobgoblins
  4 kobolds
  3 quokkas
  7 ball pythons
  4 bats
  A frilled lizard (D:2)
  6 rats
56 creatures vanquished.

Notes
Turn   | Place    | Note
-------+----------+-------------------------------------------
     0 | D:1      | RascalDebosk the Human Berserker began the quest for the
                  | Orb.
     0 | D:1      | Reached XP level 1. HP: 18/18 MP: 1/1
   152 | D:1      | Reached XP level 2. HP: 3/24 MP: 2/2
   432 | D:1      | Found a faded altar of an unknown god.
   993 | D:2      | Reached XP level 3. HP: 26/29 MP: 3/3
  1184 | D:2      | Reached skill level 1 in Stealth
  1295 | D:2      | Reached skill level 1 in Throwing
  1297 | D:2      | Reached skill level 1 in Evocations
  1301 | D:2      | Reached ** piety under Trog
  1306 | D:2      | Reached XP level 4. HP: 16/35 MP: 4/4
  2216 | D:3      | Identified the +6 scale mail of the True Pharaoh {Fly rF+++
                  | rN+ Dex-2}
  2741 | D:3      | Reached XP level 5. HP: 41/41 MP: 5/5
  2920 | D:4      | Noticed Eustachio
  2946 | D:4      | HP: 1/41 [white imp[Eustachio] (3)]
  2946 | D:4      | Slain by a white imp

Illustrated notes

Levels and vault maps discovered:
D:1:      minmay_arrival_hallway, layout_basic,
          ebering_ecumenical_altar_abandoned
D:2:      layout_rooms, minmay_hexomino_c4
D:3:      layout_loops_corners, minmay_misc_feat_encased
D:4:      layout_loops_corners, mainiacjoe_overflow_catch_the_wave,
          uniq_eustachio

Skill      XL: |  1  2  3 |
---------------+----------+-----
Stealth        | 1 |  1.8
Throwing       | 1 |  1.4
Evocations     | 1 |  1.2
Fighting       | |  3.5
Long Blades    | |  3.5
Armour         | |  2.7
Dodging        | |  2.0

Action                   |  1- 3 |  4- 6 || total
-------------------------+-------+-------++-------
Melee: Falchion          |   109 |    63 ||   172
       Long sword        |       |    30 ||    30
       Punch             |       |     2 ||     2
Throw: Dart              |     2 |       ||     2
Invok: Berserk           |     2 |     2 ||     4
       Trog's Hand       |       |     1 ||     1
  Use: Scroll            |       |    11 ||    11
       Potion            |       |     2 ||     2
Armor: Leather armour    |     9 |       ||     9
       Plate armour      |    82 |    36 ||   118
       Scale mail        |       |    97 ||    97
Dodge: Dodged            |    69 |   112 ||   181
